 Adventure DCSS version bcrawl-1.19 (webtiles) character file.

Game seed: 15182558007443960749

832 logsworth the Carver (level 8, -7/61 HPs)
             Began as a Human Fighter on Nov 12, 2019.
             Was a Priest of Okawaru.
             Shot with an arrow by a centaur warrior (16 damage)
             ... on level 6 of the Dungeon.
             The game lasted 01:21:14 (8680 turns).

logsworth the Carver (Human Fighter)                Turns: 8680, Time: 01:21:15

Health: -7/61      AC:  8    Str: 18    XL:     8   Next: 18%
Magic:  8/8        EV:  7    Int:  8    God:    Okawaru [***...]
Gold:   335        SH: 17    Dex: 14    Spells: 7/7 levels left
                                        Lives:  0   Deaths: 2

rFire    . . .     SeeInvis .   a - +0 long sword
rCold    . . .     Gourm    .   R - +0 large shield
rNeg     . . .     Faith    .   b - +0 scale mail
rPois    .         Spirit   .   (no helmet)
rElec    .         Reflect  .   (no cloak)
rCorr    .         Harm     .   (no gloves)
MR       .....                  v - +0 pair of boots
Stlth    ..........             (no amulet)
HPRegen  0.20/turn              (no ring)
MPRegen  0.11/turn              (no ring)

@: no status effects
A: no striking features
a: Heroism, Renounce Religion


You were on level 6 of the Dungeon.
You worshipped Okawaru.
Okawaru was most pleased with you.
You were not hungry.

You visited 1 branch of the dungeon, and saw 6 of its levels.
You also visited: Ossuary.

You collected 335 gold pieces.

Inventory:

Hand Weapons
 a - a +0 long sword (weapon)
 d - a +0 short sword
 i - a +3 great mace
 r - a +0 hunting sling
 s - a +0 whip
 t - a +0 short sword
 x - a +0 trident
 y - a +0 war axe
 C - a +0 spear
 K - the +4 hand axe "Ritrappo" {chop, +Fly rElec Str-5 Int-5}
   (You found it on level 4 of the Dungeon)

   It inflicts extra damage upon your enemies.
   It affects your strength (-5).
   It affects your intelligence (-5).
   It insulates you from electricity.
   It lets you fly.
 O - a +0 rapier
 P - a +2 short sword of electrocution
 W - a +0 arbalest
 X - a +3 trident
Missiles
 j - 311 arrows
 n - 58 poisoned needles
 u - 613 stones
 A - 358 bolts
 D - 148 tomahawks (quivered)
Armour
 b - a +0 scale mail (worn)
 c - a +0 shield
 v - a +0 pair of boots (worn)
 E - a +0 scale mail
 F - a +0 robe
 R - a +0 large shield (worn)
 S - a +0 robe
 U - a +0 leather armour of fire resistance
Wands
 h - a wand of random effects (7)
 N - a wand of clouds (6)
Scrolls
 o - 5 scrolls of teleportation
 p - 3 scrolls of immolation {unknown}
 q - 4 scrolls of remove curse
 w - a scroll of fog {unknown}
 B - 4 scrolls of amnesia {unknown}
 H - 2 scrolls of magic mapping {unknown}
 J - a scroll of brand weapon {unknown}
 M - a scroll of enchant armour {unknown}
 V - a scroll of identify
Potions
 e - a potion of brilliance {unknown}
 g - 3 potions of mutation
 k - 2 potions of agility
 l - 3 potions of berserk rage {unknown}
 m - 4 potions of curing
 z - a potion of flight {unknown}
 G - 3 potions of cancellation
 I - a potion of lignification {unknown}
 L - a potion of invisibility {unknown}
 Q - a potion of might
Comestibles
 f - 7 rations {!d}
 T - 2 chunks of flesh


   Skills:
 + Level 4.9 Fighting
 + Level 8.1 Long Blades
 + Level 2.6 Axes
 + Level 0.2(1.5) Maces & Flails
 + Level 0.4(1.6) Polearms
 + Level 1.1(1.2) Throwing
 + Level 6.1 Armour
 + Level 3.1 Dodging
 + Level 1.3 Stealth
 + Level 6.0 Shields


You had 7 spell levels left.
You didn't know any spells.
Your spell library contained the following spells:

 Spells                   Type           Power        Failure   Level  Hunger
 Summon Small Mammal      Summ           #...         100%        1    ##.....
 Call Imp                 Summ           #.....       100%        2    ###....
 Call Canine Familiar     Summ           #.......     100%        3    ####...
 Summon Ice Beast         Ice/Summ       #.......     100%        4    #####..
 Summon Lightning Spire   Summ/Air       #.......     100%        5    ######.


Dungeon Overview and Level Annotations

Branches:
Dungeon (6/12)
 Temple: D:4-7

Altars:
Cheibriados
Elyvilon
Fedhas
Okawaru
Zin

Annotations:
D:4 panicbit's ghost, novice MiFi


Message History

The centaur warrior hits you but does no damage. x2
You hit the centaur warrior but do no damage.
The centaur warrior is moderately wounded.
You block the centaur warrior's attack.
You hit the centaur warrior but do no damage.
The centaur warrior is moderately wounded.
The centaur warrior hits you.
* * * LOW HITPOINT WARNING * * *
You block the centaur warrior's attack.
You hit the centaur warrior.
The centaur warrior is heavily wounded.
The centaur warrior hits you.
* * * LOW HITPOINT WARNING * * *
You hit the centaur warrior.
The centaur warrior is heavily wounded.
You block the centaur warrior's attack. x2
The centaur warrior wields a +0 longbow.
The centaur warrior shoots an arrow.
You block the arrow.
The centaur warrior shoots an arrow.
The arrow hits you!
You die...

### #.# ## #.# #######...
########.#######.........
..................c......
............<............
########.#######.#####.##
#.# #@# ... #.# ##.## #.#
# #.. ... . ..# #.# . ...
... . #.# . ... .


You could see a centaur warrior.

Vanquished Creatures
  Prince Ribbit (D:5)
  Grinder (D:5)
  4 ogres
  A phantom (D:4)
  6 elf zombies (Ossuary)
  5 human zombies (Ossuary)
  A centaur zombie (Ossuary)
  2 orc priests (D:5)
  2 orc wizards
  2 worker ants
  4 mummies
  2 worker ant zombies
  3 gnolls (D:3)
  7 adders
  A howler monkey skeleton (D:3)
  An ooze (D:2)
  2 adder skeletons (D:4)
  4 worms
  A dart slug (D:2)
  5 leopard geckos
  14 orcs
  A ball python (D:5)
  2 giant cockroaches
  6 goblins
  8 hobgoblins
  10 jackals
  4 quokkas
  6 bats
  3 frilled lizards
  6 kobolds
  A rat (D:2)
  4 plants (D:5)
120 creatures vanquished.

Notes
Turn   | Place    | Note
-------+----------+-------------------------------------------
     0 | D:1      | logsworth the Human Fighter began the quest for the Orb.
     0 | D:1      | Reached XP level 1. HP: 18/18 MP: 1/1
   225 | D:1      | Reached XP level 2. HP: 20/24 MP: 2/2
  1211 | D:2      | Reached XP level 3. HP: 17/29 MP: 3/3
  1836 | D:2      | Found an iron altar of Okawaru.
  1875 | D:2      | Became a worshipper of Warmaster Okawaru
  2037 | D:2      | Reached XP level 4. HP: 29/35 MP: 4/4
  2163 | D:2      | Reached skill level 1 in Dodging
  2573 | D:3      | Found a glowing silver altar of Zin.
  2633 | D:3      | Reached skill level 3 in Long Blades
  2633 | D:3      | Reached XP level 5. HP: 8/41 MP: 5/5
  2673 | D:3      | Reached skill level 1 in Stealth
  3235 | D:3      | Noticed an ogre
  3243 | D:3      | Killed an ogre
  3243 | D:3      | Reached XP level 6. HP: 41/47 MP: 6/6
  3249 | D:3      | Reached skill level 4 in Long Blades
  3533 | D:3      | Reached * piety under Okawaru
  3901 | D:4      | Found a sand-covered staircase.
  3910 | Ossuary  | Entered an ossuary
  3942 | Ossuary  | Reached XP level 7. HP: 29/53 MP: 7/7
  3962 | Ossuary  | Reached skill level 5 in Long Blades
  4261 | Ossuary  | Reached skill level 6 in Long Blades
  4476 | Ossuary  | Reached XP level 8. HP: 58/60 MP: 8/8
  4509 | Ossuary  | Reached ** piety under Okawaru
  4509 | Ossuary  | Reached skill level 5 in Shields
  4534 | Ossuary  | Reached skill level 5 in Armour
  4589 | D:4      | Got a fine hand axe
  4833 | D:4      | Reached skill level 7 in Long Blades
  4969 | D:4      | Found a transporter.
  4972 | D:4      | Noticed panicbit's ghost (novice MiFi)
  4973 | D:4      | Found a transporter.
  5004 | D:4      | HP: 2/61 [panicbit's ghost (3)]
  6089 | D:5      | Entered Level 5 of the Dungeon
  6317 | D:5      | Identified the +4 hand axe "Ritrappo" {chop, +Fly rElec
                  | Str-5 Int-5} (You found it on level 4 of the Dungeon)
  6500 | D:5      | Found a white marble altar of Elyvilon.
  6500 | D:5      | Noticed Prince Ribbit
  7015 | D:5      | Found a blossoming altar of Fedhas.
  7103 | D:5      | Noticed Grinder
  7109 | D:5      | Paralysed by Grinder for 4 turns
  7124 | D:5      | Paralysed by Grinder for 4 turns
  7124 | D:5      | HP: 3/61 [Grinder (5)]
  7125 | D:5      | HP: 1/61 [Grinder (2)]
  7125 | D:5      | Slain by Grinder
  7126 | D:5      | Reached XP level 7. HP: -3/55 MP: 7/7
  7295 | D:5      | Found a snail-covered altar of Cheibriados.
  7331 | D:5      | Paralysed by Grinder for 4 turns
  7338 | D:5      | HP: 2/55 [Grinder (5)]
  7339 | D:5      | Slain by an orc
  7339 | D:5      | Paralysed by Grinder for 3 turns
  7340 | D:5      | Reached XP level 6. HP: -2/49 MP: 6/6
  7373 | D:5      | Paralysed by Grinder for 3 turns
  7377 | D:5      | Killed Grinder
  7377 | D:5      | Reached *** piety under Okawaru
  7377 | D:5      | Reached skill level 1 in Axes
  7377 | D:5      | Reached XP level 7. HP: 54/55 MP: 7/7
  8442 | D:5      | Killed Prince Ribbit
  8442 | D:5      | Reached skill level 8 in Long Blades
  8442 | D:5      | Reached skill level 1 in Throwing
  8442 | D:5      | Reached XP level 8. HP: 24/61 MP: 8/8
  8654 | D:6      | Noticed a centaur warrior
  8680 | D:6      | Shot with an arrow by a centaur warrior

Skill      XL: |  1  2  3  4  5  6  7  8 |
---------------+-------------------------+-----
Dodging        | 1 2 3 |  3.1
Armour         | 4 6 5 |  6.1
Long Blades    | 3 4 8 7 |  8.1
Stealth        | 1 |  1.3
Shields        | 4 6 |  6.0
Fighting       | 4 |  4.9
Axes           | 1 2 |  2.6
Throwing       | 1 |  1.1
Maces & Flails | |  0.2
Polearms       | |  0.4

Action                   |  1- 3 |  4- 6 |  7- 9 || total
-------------------------+-------+-------+-------++-------
Melee: Long sword        |   127 |   159 |   361 ||   647
       Spear             |       |     9 |       ||     9
       Hand axe          |       |     2 |   111 ||   113
       Great mace        |       |       |    25 ||    25
 Fire: Hunting sling     |     4 |     2 |       ||     6
Throw: Tomahawk          |       |     3 |    30 ||    33
  Use: Scroll            |     4 |     1 |     5 ||    10
       Potion            |       |     1 |     3 ||     4
  Eat: Chunk             |     4 |     5 |     1 ||    10
       Ration            |       |       |     4 ||     4
Armor: Scale mail        |    57 |    68 |    77 ||   202
       Leather armour    |       |       |     3 ||     3
Dodge: Dodged            |    38 |    49 |    91 ||   178
Block: Shield            |    81 |    93 |   107 ||   281
       Large shield      |       |     2 |    80 ||    82
